 Dungeon Crawl Stone Soup version 0.22-a0-617-g6d95e9e (webtiles) character file.

12425 Amnesiac the Nimble (level 11, -5/89 HPs)
             Began as a Mummy Wizard on July 12, 2018.
             Was an Initiate of Vehumet.
             Slain by a six-headed hydra (7 damage)
             ... on level 1 of the Lair of Beasts.
             The game lasted 00:33:16 (13819 turns).

Amnesiac the Nimble (Mummy Wizard)                 Turns: 13819, Time: 00:33:16

Health: -5/89      AC:  7    Str: 10    XL:     11   Next: 62%
Magic:  7/32       EV: 17    Int: 20    God:    Vehumet [......]
Gold:   597        SH:  5    Dex: 12    Spells: 3/18 levels left

rFire    x x .     SeeInvis .   a - staff of power
rCold    + + .     Gourm    .   d - +0 buckler
rNeg     + + +     Faith    .   q - +0 troll leather armour
rPois    ∞         Spirit   .   c - +0 helmet
rElec    .         Reflect  .   p - scarf {cloud immunity}
rCorr    .         Harm     .   C - +0 pair of gloves
MR       +....                  e - +0 pair of boots
Stlth    +.........             m - amulet of magic regeneration
HPRegen  0.64/turn              x - ring of ice
MPRegen  0.48/turn              u - ring of wizardry

@: very slightly contaminated
A: no food or potions, fire vulnerability, cold resistance 1, negative energy
resistance 3, torment resistance, unbreathing
a: Renounce Religion


You were on level 1 of the Lair of Beasts.
You worshipped Vehumet.
Vehumet was noncommittal.
You were not hungry.

You visited 3 branches of the dungeon, and saw 14 of its levels.

You collected 597 gold pieces.

Inventory:

Hand Weapons
 b - the +7 spear of Jeom {pierce, rN+ MR+ Int+4 Dex-5}
   (You took it off a spriggan on level 8 of the Dungeon)

   It inflicts extra damage upon your enemies.
   It affects your intelligence (+4).
   It affects your dexterity (-5).
   It protects you from negative energy.
   It affects your resistance to hostile enchantments.
Armour
 c - a +0 helmet (worn)
 d - a +0 buckler (worn)
 e - a +0 pair of boots (worn)
 k - a +1 cloak of invisibility
 p - a scarf of cloud immunity (worn)
 q - a +0 troll leather armour (worn)
 C - a +0 pair of gloves (worn)
Magical Staves
 a - an uncursed staff of power (weapon)
Jewellery
 f - an uncursed ring of protection from fire
 m - an amulet of magic regeneration (around neck)
 u - a ring of wizardry (right hand)
 x - a ring of ice (left hand)
 B - an uncursed amulet of regeneration
Wands
 i - a wand of digging (7)
 j - a wand of flame (42)
 l - a wand of paralysis (14)
 t - a wand of polymorph (4)
Scrolls
 g - 3 scrolls of fog {!r}
 h - 3 scrolls of amnesia {!r}
 n - 6 scrolls of teleportation {!r}
 o - a scroll of enchant weapon {!r}
 r - a scroll of fear {!r, unknown}
 s - 3 scrolls of enchant armour {!r}
 v - 3 scrolls of magic mapping {!r}
 w - 5 scrolls of remove curse {!r}
 y - 2 scrolls of noise {!r}
Potions
 z - a potion of lignification {!q}


   Skills:
 - Level 9.0 Fighting
 - Level 10.7 Dodging
 - Level 1.5 Stealth
 - Level 4.2 Shields
 + Level 4.4 Spellcasting
 * Level 4.5 Conjurations
 - Level 0.7 Summonings
 + Level 4.2 Necromancy
 - Level 0.7 Translocations
 * Level 4.3 Ice Magic


You had 3 spell levels left.
You knew the following spells:

 Your Spells              Type           Power        Failure   Level  Hunger
a - Throw Icicle          Conj/Ice       ####....     11%         4    N/A
b - Call Imp              Summ           #.......     8%          2    N/A
d - Magic Dart            Conj           ###.         1%          1    N/A
e - Mephitic Cloud        Conj/Pois/Air  ##......     11%         3    N/A
s - Conjure Flame         Conj/Fire      ##......     9%          3    N/A
v - Blink                 Tloc           N/A          8%          2    N/A

Your spell library contained the following spells:

 Spells                   Type           Power        Failure   Level  Hunger
 Slow                     Hex            #.......     11%         2    N/A
 Throw Frost              Conj/Ice       ####..       1%          2    N/A
 Animate Dead             Necr           N/A          12%         4    N/A
 Pain                     Necr           ###.         1%          1    N/A
 Animate Skeleton         Necr           N/A          1%          1    N/A
 Vampiric Draining        Necr           ###.......   3%          3    N/A
 Freeze                   Ice            ####         1%          1    N/A
 Summon Ice Beast         Ice/Summ       ###.....     24%         4    N/A
 Ozocubu's Armour         Chrm/Ice       ###.....     9%          3    N/A
 Dispel Undead            Necr           ###.....     32%         5    N/A
 Corpse Rot               Necr           N/A          1%          2    N/A
 Recall                   Summ/Tloc      N/A          16%         3    N/A
 Death Channel            Necr           ###.......   86%         6    N/A
 Simulacrum               Ice/Necr       ####......   85%         6    N/A
 Excruciating Wounds      Chrm/Necr      ##........   58%         5    N/A
 Borgnjor's Vile Clutch   Necr/Erth      ##........   58%         5    N/A

Dungeon Overview and Level Annotations

Branches:
Dungeon (12/15)            Temple (1/1) D:7            Lair (1/6) D:9
    Orc: D:9-12

Altars:
Ashenzari
Cheibriados
Dithmenos
Elyvilon
Fedhas
Gozag
Hepliaklqana
Kikubaaqudgha
Makhleb
Nemelex Xobeh
Okawaru
Qazlal
Ru
Sif Muna
Trog
Uskayaw
Vehumet
Wu Jian
Xom
Yredelemnul
Zin
The Shining One

Shops:
D:4 (   D:8 !


Innate Abilities, Weirdness & Mutations

You do not eat or drink.
Your flesh is vulnerable to fire.
You are immune to poison.
Your flesh is cold resistant. (rC+)
You are immune to negative energy. (rN+++)
You are immune to unholy pain and torment.
You can survive without breathing.


Message History

Confirm with . or Enter, or press ? or * to list all spells.
You blink.
Casting: Blink (safe; 8% risk of failure)
Confirm with . or Enter, or press ? or * to list all spells.
Aiming: Throw Icicle (safe; 11% risk of failure)
Press: ? - help, Shift-Dir - straight line, f/p - six-headed hydra
Aim: a six-headed hydra (lightly wounded)
You feel a surge of power!
The shard of ice hits the six-headed hydra.
The six-headed hydra is moderately wounded.
Unknown command.
Casting: Throw Icicle (safe; 11% risk of failure)
Confirm with . or Enter, or press ? or * to list all spells.
Aiming: Throw Icicle (safe; 11% risk of failure)
Press: ? - help, Shift-Dir - straight line, f/p - six-headed hydra
Aim: a six-headed hydra (moderately wounded)
You feel a surge of power!
The shard of ice hits the six-headed hydra.
The six-headed hydra is moderately wounded.
Unknown command.
Casting: Throw Icicle (safe; 11% risk of failure)
Confirm with . or Enter, or press ? or * to list all spells.
Aiming: Throw Icicle (safe; 11% risk of failure)
Press: ? - help, Shift-Dir - straight line, f/p - six-headed hydra
Aim: a six-headed hydra (moderately wounded)
You feel a surge of power!
The shard of ice hits the six-headed hydra.
The six-headed hydra is moderately wounded.
The six-headed hydra bites you. x2; The six-headed hydra bites you!
* * * LOW HITPOINT WARNING * * *
You block the six-headed hydra's attack.
The six-headed hydra bites you!
* * * LOW HITPOINT WARNING * * *
The six-headed hydra misses you.
You see here a spear.
Casting: Throw Icicle (safe; 11% risk of failure)
Confirm with . or Enter, or press ? or * to list all spells.
You miscast Blink.
Nothing appears to happen.
You block the six-headed hydra's attack.
The six-headed hydra bites you!
* * * LOW HITPOINT WARNING * * *
The six-headed hydra bites you but does no damage.
The six-headed hydra bites you!
* * * LOW HITPOINT WARNING * * *
The six-headed hydra bites you.
* * * LOW HITPOINT WARNING * * *
The six-headed hydra bites you but does no damage.
Casting: Blink (safe; 8% risk of failure)
Confirm with . or Enter, or press ? or * to list all spells.
You blink.
Splash!
You fall into the shallow water.
Moving in this stuff is going to be slow.
Casting: Blink (safe; 8% risk of failure)
Confirm with . or Enter, or press ? or * to list all spells.
You blink.
The six-headed hydra bites you!
* * * LOW HITPOINT WARNING * * *
The six-headed hydra bites you.
* * * LOW HITPOINT WARNING * * *
The six-headed hydra bites you but does no damage.
The six-headed hydra bites you!
* * * LOW HITPOINT WARNING * * *
The six-headed hydra barely misses you. The six-headed hydra bites you!
You die...

...####.# #...#..#### #....
#.# ##.........# ...... #.#
##........... #..... #.#
#............ .#..... ##.#
#..........#.
.......###P.#####..........#.
##......###.#.....#........#.
#P......###..D≈≈≈≈...........
#..........@..≈≈§≈........##
#......#####≈≈≈≈≈≈≈≈........
#...^..#....^≈≈≈≈≈≈..#......
#......#......≈≈≈≈≈≈.##.....
#......#.#...<.≈≈≈≈≈.##P....
#.............≈≈≈≈≈≈........
#............≈≈≈≈≈≈≈.#######
#.............≈≈≈≈≈.##
#..............≈....#


You could see a six-headed hydra.

Vanquished Creatures
  A hydra (D:11)
  Josephine (D:10)
  The ghost of Amnesiac the Thaumaturge, a novice SpEE of Kikubaaqudgha (D:8)
  An unseen horror (D:10)
  Joseph (D:8)
  2 trolls
  2 hippogriffs (D:9)
  2 spriggans (D:8)
  A yak (D:11)
  Sigmund (D:6)
  A vampire (D:11)
  5 wraiths (D:10)
  2 steam dragons (D:5)
  Edmund (D:5)
  4 porcupines
  4 water moccasins
  4 orc warriors
  5 black bears
  4 ice beasts
  4 sky beasts
  2 phantoms
  6 ogres
  2 centaurs
  3 crocodiles
  A big kobold (D:9)
  Blork the orc (D:5)
  7 bullfrogs
  A wyvern skeleton (D:9)
  2 scorpions
  3 killer bees (D:11)
  3 howler monkeys
  4 crimson imps
  3 centaur zombies
  2 bullfrog zombies
  2 hounds
  A quasit (D:9)
  Crazy Yiuf (D:2)
  14 orc priests
  A bullfrog skeleton (D:4)
  3 centaur skeletons
  A jelly (D:12)
  16 orc wizards
  An iguana (D:5)
  8 worker ants
  A hound skeleton (D:4)
  3 gnolls (D:8)
  13 adders
  3 shadow imps
  An ooze (D:1)
  An adder zombie (D:5)
  An adder skeleton (D:10)
  3 worms
  8 leopard geckos
  41 orcs
  3 giant cockroaches
  2 hobgoblins
  15 jackals
  2 quokkas
  A ball python (D:1)
  7 bats
  5 frilled lizards
  5 goblins
  9 kobolds
  A leopard gecko skeleton (D:5)
  A quokka zombie (D:5)
  5 rats
266 creatures vanquished.

Vanquished Creatures (collateral kills)
  An ice beast (D:6)
  An ogre (D:5)
  An adder (D:3)
3 creatures vanquished.

Vanquished Creatures (others)
  4 fungi
4 creatures vanquished.

Grand Total: 273 creatures vanquished

Notes
Turn   | Place    | Note
-------+----------+-------------------------------------------
     0 | D:1      | Amnesiac the Mummy Wizard began the quest for the Orb.
     0 | D:1      | Reached XP level 1. HP: 13/13 MP: 5/5
    24 | D:1      | Reached skill level 1 in Conjurations
   166 | D:1      | Reached XP level 2. HP: 20/20 MP: 0/7
   312 | D:1      | Reached skill level 1 in Fighting
   860 | D:2      | Reached XP level 3. HP: 19/26 MP: 3/8
   865 | D:2      | Learned a level 3 spell: Mephitic Cloud
   869 | D:2      | Learned a level 3 spell: Conjure Flame
   872 | D:2      | Learned a level 2 spell: Call Imp
  1467 | D:2      | Reached skill level 1 in Shields
  1688 | D:2      | Reached XP level 4. HP: 29/32 MP: 1/10
  1713 | D:2      | Learned a level 2 spell: Blink
  1922 | D:2      | Found a runed door.
  2284 | D:2      | Noticed Crazy Yiuf
  2295 | D:2      | Killed Crazy Yiuf
  2594 | D:3      | Reached XP level 5. HP: 14/37 MP: 0/11
  3544 | D:4      | Reached XP level 6. HP: 28/43 MP: 8/12
  3744 | D:4      | Got an encrusted rapier
  3745 | D:4      | Identified the +4 rapier of Honour {pierce, Stlth+} (You found it on level 4 of the Dungeon)
  3829 | D:4      | Found Unleqaox's Weapon Shop.
  3843 | D:4      | Reached XP level 7. HP: 48/48 MP: 9/13
  3856 | D:4      | You fall through a shaft for 3 floors!
  3943 | D:7      | Reached skill level 2 in Dodging
  4203 | D:6      | Noticed Sigmund
  4223 | D:6      | Killed Sigmund
  4223 | D:6      | Reached skill level 3 in Dodging
  4407 | D:5      | Entered Level 5 of the Dungeon
  4408 | D:5      | Noticed Edmund
  4415 | D:5      | Killed Edmund
  4415 | D:5      | Reached XP level 8. HP: 32/58 MP: 12/14
  4552 | D:5      | Reached skill level 4 in Dodging
  4960 | D:5      | Reached skill level 5 in Dodging
  5611 | D:4      | Found a shadowy altar of Dithmenos.
  5614 | D:4      | Found a glowing silver altar of Zin.
  5738 | D:4      | Found an iron altar of Okawaru.
  5740 | D:4      | Found a radiant altar of Vehumet.
  6663 | D:5      | Noticed Blork the orc
  6677 | D:5      | Killed Blork the orc
  6867 | D:5      | Reached skill level 6 in Dodging
  6886 | D:6      | Reached skill level 5 in Fighting
  6887 | D:6      | Reached XP level 9. HP: 64/68 MP: 6/15
  7612 | D:6      | Reached skill level 7 in Dodging
  7816 | D:7      | Found a staircase to the Ecumenical Temple.
  7828 | Temple   | Entered the Ecumenical Temple
  8020 | Temple   | Became a worshipper of Kikubaaqudgha
  8556 | D:8      | Identified 2 scrolls of acquirement {!r}
  8594 | D:8      | Noticed Joseph
  8600 | D:8      | Killed Joseph
  8600 | D:8      | Reached skill level 8 in Dodging
  8789 | D:8      | Found Xulit's Distillery.
  9202 | D:8      | Found a runed door.
  9205 | D:8      | Noticed Amnesiac's ghost (novice SpEE)
  9311 | D:8      | Killed Amnesiac's ghost
  9311 | D:8      | Reached XP level 10. HP: 42/79 MP: 16/16
  9465 | D:8      | Got a faintly glowing spear {pierce}
  9466 | D:8      | Identified the +7 spear of Jeom {pierce, rN+ MR+ Int+4 Dex-5} (You took it off a spriggan on level 8 of the Dungeon)
  9619 | D:9      | Learned a level 4 spell: Throw Icicle
  9626 | D:9      | Found a burning altar of Makhleb.
  9677 | D:9      | Reached skill level 9 in Dodging
  9829 | D:9      | Found a bloodstained altar of Trog.
  9859 | D:9      | Found a stormy altar of Qazlal.
  9927 | D:9      | Found a glowing golden altar of the Shining One.
 10008 | D:9      | Reached skill level 1 in Ice Magic
 10097 | D:9      | Reached * piety under Kikubaaqudgha
 10097 | D:9      | Identified Kikubaaqudgha's Guide on Evil Magic (Kikubaaqudgha gifted it to you on level 9 of the Dungeon)
 10097 | D:9      | Received a gift from Kikubaaqudgha
 10407 | D:9      | Found a staircase to the Lair.
 10508 | D:9      | Found a sacrificial altar of Ru.
 10688 | D:9      | Found a deep blue altar of Sif Muna.
 10783 | D:10     | Entered Level 10 of the Dungeon
 11305 | D:9      | Reached skill level 10 in Dodging
 11557 | D:10     | Found an ornate altar of the Wu Jian Council.
 11820 | D:10     | Reached ** piety under Kikubaaqudgha
 11820 | D:10     | Reached XP level 11. HP: 58/87 MP: 4/17
 11868 | D:10     | Noticed Josephine
 11883 | D:10     | Killed Josephine
 11889 | D:10     | Killed an unseen horror
 12084 | D:11     | Noticed Snorg
 12399 | D:11     | Noticed Snorg
 12399 | D:11     | Snorg changed into Snorg the yak
 12405 | D:11     | Noticed a six-headed hydra
 12409 | D:11     | Killed Snorg the yak
 12427 | D:11     | Killed a six-headed hydra
 12530 | D:11     | Noticed Maurice
 12543 | D:11     | Noticed Maurice
 12543 | D:11     | Maurice changed into Maurice the water moccasin
 12563 | D:11     | Killed Maurice the water moccasin
 12563 | D:11     | Reached skill level 1 in Necromancy
 13108 | D:12     | Noticed a two-headed ogre
 13302 | D:12     | Reached *** piety under Kikubaaqudgha
 13302 | D:12     | Identified Kikubaaqudgha's Compendium of Evil Arts (Kikubaaqudgha gifted it to you on level 12 of the Dungeon)
 13302 | D:12     | Received a gift from Kikubaaqudgha
 13544 | D:4      | Fell from the grace of Kikubaaqudgha
 13544 | D:4      | Became a worshipper of Vehumet
 13625 | Lair:1   | Entered Level 1 of the Lair of Beasts
 13708 | Lair:1   | Noticed a six-headed hydra
 13819 | Lair:1   | HP: 2/89 [six-headed hydra (12)]
 13819 | Lair:1   | Slain by a six-headed hydra

Vault maps used:
D:1:      dpeg_arrival_connections, fountainhead, due_unseen_surprise
D:2:      uniq_crazy_yiuf_cottage
D:4:      nicolae_overflow_hidden_temple, serial_shops, shop
D:5:      kennysheep_steamy, first_ration, minmay_strange_pillars, uniq_edmund,
          uniq_blork_the_orc
D:6:      minmay_bent, uniq_sigmund
D:7:      minmay_temple_entry_trees
D:8:      serial_shops, kennysheep_mini_moat, ebering_ghost_funeral_grove,
          uniq_joseph
D:9:      lemuel_doored_altar, nicolae_overflow_crystal_walls, tso_metal_star,
          marbit_many_paths, led_sif_pool, makhleb_heckhound_becter,
          grunt_lair_entry_orc_guard_hut, blue_anna_alchemist,
          serial_park_tiny_2
D:10:     basic_altar, uniq_josephine
D:11:     kennysheep_generic_room_11, uniq_snorg, uniq_maurice
D:12:     minmay_the_grid_plus, hiddenorc2_lemuel
Temple:   minmay_temple_bridge_abc
Lair:1:   grunt_megastairs_1, serial_bayou_shore_b, infiniplex_staircase_pool,
          serial_bayou_shore_b

Skill      XL: |  1  2  3  4  5  6  7  8  9 10 11 |
---------------+----------------------------------+-----
Conjurations   | 1 2 3 4 |  4.5
Fighting       | 1 3 5 7 8 9 |  9.0
Shields        | 1 2 3 4 |  4.2
Dodging        | 3 6 8 10 | 10.7
Ice Magic      | 3 4 |  4.3
Necromancy     | 4 |  4.2
Stealth        | |  1.5
Spellcasting   | |  4.4
Summonings     | |  0.7
Translocations | |  0.7

Action                   |  1- 3 |  4- 6 |  7- 9 | 10-12 || total
-------------------------+-------+-------+-------+-------++-------
Melee: Unarmed           |    20 |       |       |       ||    20
       Short sword       |     6 |     8 |       |       ||    14
       Quarterstaff      |       |    66 |       |       ||    66
       Rapier            |       |    16 |   235 |       ||   251
       Staff             |       |       |       |    50 ||    50
       Spear             |       |       |       |    44 ||    44
 Cast: Magic Dart        |   103 |    47 |    50 |   148 ||   348
       Call Imp          |     1 |       |     7 |       ||     8
       Mephitic Cloud    |       |     6 |    33 |     8 ||    47
       Conjure Flame     |       |     2 |     9 |    31 ||    42
       Blink             |       |       |     3 |     7 ||    10
       Throw Icicle      |       |       |       |   199 ||   199
Evoke: Wand              |       |       |     2 |    45 ||    47
  Use: Scroll            |       |     3 |    12 |     1 ||    16
 Stab: Paralysed         |       |     3 |       |       ||     3
       Confused          |       |     3 |    16 |     2 ||    21
       Sleeping          |       |     2 |     4 |       ||     6
       Distracted        |       |     1 |       |       ||     1
Armor: Robe              |    18 |    15 |    40 |    22 ||    95
       Troll leather arm |       |       |       |    29 ||    29
Dodge: Dodged            |    36 |    77 |   131 |   227 ||   471
Block: Buckler           |       |       |    46 |    81 ||   127

Table legend:
 A = Spawn XP
 B = Non-spawn XP
 C = Spawn XP percentage of total XP
 D = Spawn monster count
 E = Non-spawn monster count
 F = Spawn count percentage of total count
 G = Total turns spent on level
                    A         B        C        D         E        F      G
               +---------+---------+-------+---------+---------+-------+---------
         Total |       0 |   17750 |   0.0 |       0 |     269 |   0.0 | 13819
               +---------+---------+-------+---------+---------+-------+---------
           D:1 |       0 |      31 |   0.0 |       0 |      16 |   0.0 |   865
           D:2 |       0 |     133 |   0.0 |       0 |      30 |   0.0 |  1640
           D:3 |       0 |     130 |   0.0 |       0 |      22 |   0.0 |   907
           D:4 |       0 |     497 |   0.0 |       0 |      15 |   0.0 |  1385
           D:5 |       0 |    1322 |   0.0 |       0 |      24 |   0.0 |  1653
           D:6 |       0 |    1387 |   0.0 |       0 |      31 |   0.0 |  1070
           D:7 |       0 |     756 |   0.0 |       0 |      13 |   0.0 |   839
           D:8 |       0 |    2076 |   0.0 |       0 |      13 |   0.0 |  1161
           D:9 |       0 |    2423 |   0.0 |       0 |      26 |   0.0 |  1522
          D:10 |       0 |    4451 |   0.0 |       0 |      31 |   0.0 |  1155
          D:11 |       0 |    3038 |   0.0 |       0 |      24 |   0.0 |  1100
          D:12 |       0 |     797 |   0.0 |       0 |      19 |   0.0 |   114
        Lair:1 |       0 |     709 |   0.0 |       0 |       5 |   0.0 |   194
               +---------+---------+-------+---------+---------+-------+---------
